 Dungeon Crawl Stone Soup version 0.21.1-1-g345015fe64 (webtiles) character file.

7317 Gargoyl the Cleaver (level 10, -2/84 HPs)
             Began as a Centaur Abyssal Knight on May 22, 2018.
             Was a Priest of Lugonu.
             Slain by an orc warrior
             ... wielding a +0 short sword
              (8 damage)
             ... on level 10 of the Dungeon.
             The game lasted 00:17:09 (14871 turns).

Gargoyl the Cleaver (Centaur Abyssal Knight)       Turns: 14871, Time: 00:17:10

Health: -2/84      AC: 12    Str: 16    XL:     10   Next: 90%
Magic:  16/16      EV:  6    Int: 11    God:    Lugonu [***...]
Gold:   623        SH:  4    Dex: 11    Spells: 9/9 levels left

rFire    . . .     SeeInvis .   a - +3 hand axe
rCold    . . .     Gourm    .   o - +0 buckler
rNeg     . . .     Faith    .   q - +0 plate armour
rPois    .         Spirit   .   (no helmet)
rElec    .         Reflect  .   (no cloak)
rCorr    .         Harm     .   u - +0 pair of gloves (curse)
MR       .....                  (no barding)
Stlth    ..........             y - amulet of magic regeneration
HPRegen  0.24/turn              j - +3 ring of evasion
MPRegen  0.40/turn              (no ring)

@: very quick
A: large, hooves 3, deformed body, speed 2, tough skin 3
a: Depart the Abyss, Bend Space, Banish, Renounce Religion


You were on level 10 of the Dungeon.
You worshipped Lugonu.
Lugonu was most pleased with you.
You were not hungry.

You visited 1 branch of the dungeon, and saw 10 of its levels.
You visited the Abyss 1 time.
You also visited: Sewer.

You collected 623 gold pieces.

Inventory:

Hand Weapons
 a - a +3 hand axe (weapon)
Missiles
 k - 11 tomahawks (quivered)
Armour
 o - a +0 buckler (worn)
 q - a +0 plate armour (worn)
 u - a cursed +0 pair of gloves (worn)
Jewellery
 b - the ring "Bede" {+Fly rElec rF+, unknown}
   (You found it on level 9 of the Dungeon)

   [ring of flight]

   It protects you from fire.
   It insulates you from electricity.
   It lets you fly.
 j - a +3 ring of evasion (left hand)
 y - an amulet of magic regeneration (around neck)
Wands
 h - a wand of flame (31)
 n - a wand of polymorph (27)
 t - a wand of acid (6)
 v - a wand of disintegration (7)
Scrolls
 f - 5 scrolls of remove curse
 i - 4 scrolls of teleportation
 p - a scroll of amnesia
 w - a scroll of magic mapping
 z - 4 scrolls of identify
Potions
 d - a potion of ambrosia
 g - a potion of brilliance
 m - 3 potions of flight {unknown}
 r - 2 potions of haste
 s - 2 potions of heal wounds
 A - a potion of agility
 B - a potion of berserk rage {unknown}
 C - a potion of magic {unknown}
Books
 e - a book of Necromancy

   Spells                             Type                      Level
   a - Pain                           Necromancy                   1
   b - Animate Skeleton               Necromancy                   1
   c - Vampiric Draining              Necromancy                   3
   d - Regeneration                   Charms/Necromancy            3
   e - Animate Dead                   Necromancy                   4
   f - Borgnjor's Vile Clutch         Necromancy/Earth             5
 l - a book of Cantrips

   Spells                             Type                      Level
   a - Confusing Touch                Hexes                        1
   b - Animate Skeleton               Necromancy                   1
   c - Summon Small Mammal            Summoning                    1
   d - Apportation                    Translocation                1
 x - a book of Misfortune

   Spells                             Type                      Level
   a - Confusing Touch                Hexes                        1
   b - Confuse                        Hexes                        3
   c - Gell's Gravitas                Translocation                3
   d - Petrify                        Transmutation/Earth          4
   e - Metabolic Englaciation         Hexes/Ice                    5
   f - Yara's Violent Unravelling     Hexes/Transmutation          5
Comestibles
 c - 10 rations


   Skills:
 + Level 6.7 Fighting
 + Level 8.4 Axes
 + Level 1.2 Throwing
 * Level 7.8 Armour
 + Level 2.1 Dodging
 + Level 1.9 Shields
 * Level 8.0 Invocations
 + Level 0.3 Evocations


You had 9 spell levels left.
You didn't know any spells.

Dungeon Overview and Level Annotations

Branches:
Dungeon (10/15)            Temple (0/1) D:6            Lair (0/6) D:10
    Orc (0/2) D:10

Altars:
Ashenzari
Cheibriados
Dithmenos
Fedhas
Ru
Vehumet
Wu Jian
Xom


Innate Abilities, Weirdness & Mutations

You have hooves in place of feet.
Armour fits poorly on your strangely shaped body.
You cover ground very quickly.
You have extremely tough skin. (AC +3)


Message History

You hit the orc.
The orc warrior hits you with a short sword!
* * * LOW HITPOINT WARNING * * *
You block the orc's attack.
Unknown command.
You hit the orc warrior.
The orc warrior is heavily wounded.
You hit the orc.
You kill the orc!
Lugonu accepts your kill. You block the orc warrior's attack.
Unknown command.
You hit the orc warrior but do no damage.
You kick the orc warrior, but do no damage.
The orc warrior is heavily wounded.
You block the orc warrior's attack.
You barely miss the orc warrior. Your kick misses the orc warrior.
The orc warrior is heavily wounded.
The orc warrior hits you with a short sword!
You die...

####### #.O### **,≈*,,,*≈
,,* ##.o.### *,≈*,∩,*≈ *+**
###...# **,≈*,,,*≈ ,,,*
######.## *,,≈**,**≈ ,,,*
#.......# *,,≈≈≈≈≈≈≈ ,,,*
###.......#####,,,,,,,,,
,,,*
***#..............,,,******
,,,* *,>..#....)..####*****
,,,****,##*#....@..#
,,,+,,,,* #....o..#
,,,****** ######### ****


You could see an orc warrior.

Vanquished Creatures
  Pikel (D:5)
  3 hippogriffs (D:7)
  5 yaks
  A human (D:9)
  A hungry ghost (D:9)
  Menkaure (D:5)
  The ghost of teofil the Digger, an amateur GrEE (D:4)
  2 water moccasins (D:9)
  An ice beast (D:3)
  2 orc warriors (D:6)
  5 sky beasts
  2 necrophages (D:9)
  5 ogres
  3 centaurs
  A big kobold (Sewer)
  A crocodile (D:9)
  4 bullfrogs
  2 scorpions
  3 killer bees (D:7)
  2 howler monkeys
  An electric eel (D:7)
  5 crimson imps
  A bullfrog zombie (D:6)
  5 orc priests
  A jelly (D:6)
  A bullfrog skeleton (D:4)
  2 centaur skeletons
  6 hounds
  3 orc wizards
  5 iguanas
  7 worker ants
  A killer bee zombie (D:5)
  3 hound zombies
  A hound skeleton (D:7)
  2 worker ant zombies
  A howler monkey skeleton (D:4)
  12 adders
  A gnoll (D:3)
  3 river rats
  2 shadow imps
  An ooze (D:7)
  An adder zombie (D:7)
  An adder skeleton (D:7)
  3 worms
  A dart slug (D:1)
  3 leopard geckos
  37 orcs
  9 giant cockroaches
  2 goblins
  12 hobgoblins
  11 jackals
  9 kobolds
  A quokka (D:7)
  2 ball pythons
  5 bats
  6 frilled lizards
  2 jackal skeletons
  A leopard gecko zombie (D:5)
  13 rats
229 creatures vanquished.

Vanquished Creatures (others)
  2 two-headed ogres
  A cyclops (D:10)
  The ghost of Gitz the Chopper, a novice HOFi of Qazlal (D:6)
  A slave (D:5)
  4 electric eels (D:7)
  A hound (D:5)
  2 orc wizards (D:5)
  A worker ant zombie (D:5)
  A dart slug (D:5)
  A leopard gecko (D:5)
15 creatures vanquished.

Grand Total: 244 creatures vanquished

Notes
Turn   | Place    | Note
-------+----------+-------------------------------------------
     0 | Abyss:1  | Gargoyl the Centaur Abyssal Knight began the quest for the Orb.
     0 | Abyss:1  | Reached XP level 1. HP: 19/19 MP: 2/2
    14 | Abyss:2  | Noticed a freezing wraith
    20 | Abyss:2  | Noticed an ancient zyme
    20 | D:1      | Escaped the Abyss
   143 | D:1      | Reached * piety under Lugonu
   160 | D:1      | Reached XP level 2. HP: 17/26 MP: 3/3
   406 | D:1      | Reached XP level 3. HP: 11/31 MP: 4/4
  1007 | D:2      | Reached ** piety under Lugonu
  1123 | D:2      | Found a faded altar of an unknown god.
  1285 | D:2      | Reached XP level 4. HP: 36/38 MP: 5/5
  1682 | D:3      | Reached skill level 1 in Dodging
  1684 | D:3      | Reached XP level 5. HP: 10/46 MP: 5/7
  1975 | D:3      | Found a shimmering altar of Xom.
  1982 | D:3      | Noticed an ice beast
  2003 | D:3      | Killed an ice beast
  2427 | D:4      | Noticed teofil's ghost (amateur GrEE)
  2474 | D:4      | Killed teofil's ghost
  2474 | D:4      | Reached XP level 6. HP: 26/52 MP: 8/8
  3666 | D:5      | Entered Level 5 of the Dungeon
  3666 | D:5      | Noticed Pikel
  3666 | D:5      | Noticed a slave
  3666 | D:5      | Noticed a slave
  3666 | D:5      | Noticed a slave
  3668 | D:5      | Noticed a slave
  3683 | D:5      | Found a snail-covered altar of Cheibriados.
  3826 | D:5      | Killed Pikel
  3826 | D:5      | Reached XP level 7. HP: 43/60 MP: 8/10
  3837 | D:5      | Reached XP level 8. HP: 44/67 MP: 9/11
  4004 | D:5      | Noticed Menkaure
  4028 | D:5      | Killed Menkaure
  4028 | D:5      | Reached skill level 5 in Axes
  4160 | D:5      | Found a glowing drain.
  4165 | Sewer    | Entered a sewer
  4179 | Sewer    | Reached *** piety under Lugonu
  4441 | Sewer    | Found a white marble altar of Elyvilon.
  4782 | D:5      | Found an ornate altar of the Wu Jian Council.
  5153 | D:5      | You fall through a shaft!
  5174 | D:6      | Noticed Gitz's ghost (novice HOFi)
  5180 | D:6      | Reached skill level 1 in Shields
  5184 | D:6      | Banished Gitz's ghost
  5184 | D:6      | Reached skill level 5 in Fighting
  5184 | D:6      | Reached skill level 5 in Armour
  5184 | D:6      | Reached skill level 5 in Invocations
  5468 | D:6      | Found a staircase to the Ecumenical Temple.
  5898 | D:6      | Found a sacrificial altar of Ru.
  6219 | D:6      | Reached XP level 9. HP: 47/74 MP: 12/12
  6944 | D:6      | Found a blossoming altar of Fedhas.
  7070 | D:7      | Reached **** piety under Lugonu
  9184 | D:7      | Reached XP level 10. HP: 42/83 MP: 5/14
 10038 | D:7      | HP: 4/83 [hippogriff (8)]
 10904 | D:8      | Found a shadowy altar of Dithmenos.
 12145 | D:8      | Reached skill level 1 in Throwing
 13165 | D:9      | Found a shattered altar of Ashenzari.
 13238 | D:9      | Found a radiant altar of Vehumet.
 13425 | D:9      | Got a transparent wooden ring
 14251 | D:10     | Entered Level 10 of the Dungeon
 14264 | D:10     | Noticed a cyclops
 14277 | D:10     | Banished a cyclops
 14530 | D:10     | Noticed a two-headed ogre
 14532 | D:10     | Banished a two-headed ogre
 14541 | D:10     | Noticed a two-headed ogre
 14841 | D:9      | Banished a two-headed ogre
 14871 | D:10     | Slain by an orc warrior

Skill      XL: |  1  2  3  4  5  6  7  8  9 10 |
---------------+-------------------------------+-----
Axes           | 2 3 4 6 7 8 |  8.4
Armour         | 2 3 4 5 6 7 |  7.8
Dodging        | 1 2 |  2.1
Invocations    | 3 4 5 6 8 |  8.0
Fighting       | 4 5 6 |  6.7
Shields        | 1 |  1.9
Throwing       | 1 |  1.2
Evocations     | |  0.3

Action                   |  1- 3 |  4- 6 |  7- 9 | 10-12 || total
-------------------------+-------+-------+-------+-------++-------
Melee: Hand axe          |    84 |   183 |   487 |   374 ||  1128
       Kick              |    11 |    27 |   121 |    93 ||   252
Throw: Tomahawk          |       |       |     3 |    16 ||    19
Invok: Depart the Abyss  |     1 |       |       |       ||     1
       Banish            |       |       |     4 |     6 ||    10
       Bend Space        |       |       |       |     2 ||     2
Evoke: Wand              |       |     4 |       |       ||     4
  Use: Scroll            |     7 |     4 |     2 |     5 ||    18
       Potion            |       |     3 |     3 |     1 ||     7
  Eat: Chunk             |       |     5 |     4 |     5 ||    14
       Ration            |       |     1 |     4 |     6 ||    11
Armor: Leather armour    |    27 |       |       |       ||    27
       Ring mail         |    13 |    10 |       |       ||    23
       Scale mail        |       |    41 |       |       ||    41
       Skin              |       |    45 |    13 |       ||    58
       Plate armour      |       |     8 |   250 |   145 ||   403
Dodge: Dodged            |    80 |    66 |   128 |    95 ||   369
Block: Buckler           |       |     1 |    72 |    56 ||   129
